 Dungeon Crawl Stone Soup version 0.31-a0-700-gf13585253f (webtiles) character file.

Game seed: 4914525331482318488

18791 qw the Marksgargoyle (level 12, 0/77 HPs)
             Began as a Gargoyle Hunter on Sept 7, 2023.
             Slain by a death yak (14 damage)
             ... on level 2 of the Lair of Beasts.
             The game lasted 00:05:36 (12674 turns).

qw the Marksgargoyle (Gargoyle Hunter)             Turns: 12674, Time: 00:05:37

Health: 0/77       AC: 22    Str: 20    XL:     12   Next: 62%
Magic:  12/12      EV: 22    Int:  6    God:
Gold:   306        SH:  0    Dex: 27    Spells: 11/11 levels left

rFire   + . .        d - +3 orcbow
rCold   . . .        (shield currently unavailable)
rNeg    + . .        b - +5 ring mail of Precision Catastrophes {Int-4 Dex+4}
rPois   inf          (no helmet)
rElec   +            c - +0 cloak
rCorr   .            g - +0 pair of gloves of Pride {rElec rF+ Str+4}
SInv    .            (no boots)
Will    .....        l - amulet of faith
Stlth   ++           q - +6 ring of dexterity
HPRegen 0.32/turn    e - +5 ring of evasion
MPRegen 0.13/turn

%: faith
@: no status effects
A: sickness immunity, AC +8, negative energy resistance 1, electricity
resistance, torment resistance 1, petrification resistance
a: no special abilities


You were on level 2 of the Lair of Beasts.
You visited 3 branches of the dungeon, and saw 14 of its levels.

You collected 734 gold pieces.
You spent 428 gold pieces at shops.


Innate Abilities, Weirdness & Mutations

You are immune to sickness and miasma.
Your stone body is resilient. (AC +8)
You are immune to poison.
You resist negative energy. (rN+)
You are resistant to electric shocks. (rElec)
You are resistant to unholy torment.
You are immune to petrification.


   Skills:
 + Level 10.2 Fighting
 - Level 16.0 Ranged Weapons
 - Level 5.1 Armour
 - Level 7.2 Dodging
 - Level 1.1 Stealth


You had 11 spell levels left.
You didn't know any spells.
Your spell library was empty.

Inventory:

Hand Weapons
 d - a +3 orcbow (weapon)
Armour
 b - the +5 ring mail of Precision Catastrophes (worn) {Int-4 Dex+4}
   (You took it off an orc on level 7 of the Dungeon)

   Int-4:     It affects your intelligence (-4).
   Dex+4:     It affects your dexterity (+4).
 c - a +0 cloak (worn)
 g - the +0 pair of gloves of Pride (worn) {rElec rF+ Str+4}
   (You acquired it on level 2 of the Dungeon)

   Str+4:     It affects your strength (+4).
   rF+:       It protects you from fire.
   rElec:     It insulates you from electricity.
Jewellery
 e - a +5 ring of evasion (right hand)
 i - a ring of protection from fire
 k - an amulet of reflection
 l - an amulet of faith (around neck)
 q - a +6 ring of dexterity (left hand)
Wands
 f - a wand of digging (3)
Scrolls
 a - 16 scrolls of identify
Potions
 h - 3 potions of might
 j - a potion of berserk rage {unknown}
 m - 3 potions of mutation
 n - a potion of haste
 o - 4 potions of curing
 p - 2 potions of enlightenment

Dungeon Overview and Level Annotations

Branches:
Dungeon (11/15)            Temple (1/1) D:7            Lair (2/5) D:9
  Swamp: Lair:2-3    Shoals: Lair:2-3     Snake: Lair:2-3    Spider: Lair:2-3
    Orc: D:9-12

Altars:
Cheibriados
Dithmenos
Elyvilon
Fedhas
Gozag
Hepliaklqana
Kikubaaqudgha
Makhleb
Nemelex Xobeh
Qazlal
Ru
Sif Muna
Trog
Uskayaw
Vehumet
Wu Jian
Xom
Yredelemnul
Zin
The Shining One

Shops:
D:2 !   D:9 =!*[(

Annotations:
D:7 2 transporters, 2 runed translucent doors, exclusion: ice statue, qw's ghost, novice GrHu


Message History

The death yak is moderately wounded.
The death yak closely misses you.
12666 |||
Found retreat position at -1,0 (fungus; floor) with 0 blocking monsters and 2 monsters attacking at destination at distance 1 You shoot an arrow.
The arrow hits the death yak!
The death yak is heavily wounded.
The death yak barely misses you. The death yak misses you.
12667 |||
Found retreat position at -1,0 (fungus; floor) with 0 blocking monsters and 2 monsters attacking at destination at distance 1 You shoot an arrow.
The arrow hits the death yak!!
The death yak is almost dead.
The death yak misses you. The death yak completely misses you.
12668 |||
Found retreat position at -1,0 (fungus; floor) with 0 blocking monsters and 2 monsters attacking at destination at distance 1 You shoot an arrow.
The arrow barely misses the death yak.
The death yak closely misses you.
12669 |||
Found retreat position at -1,0 (fungus; floor) with 0 blocking monsters and 2 monsters attacking at destination at distance 1 You shoot an arrow.
The arrow barely misses the death yak.
The death yak gores you but does no damage.
The death yak completely misses you.
12670 |||
Found retreat position at -1,0 (fungus; floor) with 0 blocking monsters and 2 monsters attacking at destination at distance 1 You shoot an arrow.
The arrow hits the death yak but does no damage.
The death yak is almost dead.
The death yak closely misses you. The death yak barely misses you.
12671 |||
Found retreat position at -1,0 (fungus; floor) with 0 blocking monsters and 2 monsters attacking at destination at distance 1 You shoot an arrow.
The arrow barely misses the death yak.
The death yak misses you. The death yak gores you! The death yak gores you.
12672 |||
Found retreat position at -1,0 (fungus; floor) with 0 blocking monsters and 2 monsters attacking at destination at distance 1 You shoot an arrow.
The arrow hits the death yak!
The death yak is almost dead.
The death yak gores you but does no damage. x2
12673 |||
Found retreat position at -1,0 (fungus; floor) with 0 blocking monsters and 2 monsters attacking at destination at distance 1 You shoot an arrow.
The arrow hits the death yak but does no damage.
The death yak is almost dead.
The death yak barely misses you.
12674 |||
Found retreat position at -1,0 (fungus; floor) with 0 blocking monsters and 2 monsters attacking at destination at distance 1 You shoot an arrow.
The arrow hits the death yak but does no damage.
The death yak is almost dead.
The death yak misses you. The death yak gores you!
You die...

.#Y. #..#
#P.. P.#
##.##
#...#
##..##
##.Y..#
#P@Y..#
###Y.##
#...#
#...##
#....#
#####
#...##
#.P.### #
#....#
#.....###
#...##
#......#.
##...#
##.......


You could see 3 death yaks.

Vanquished Creatures
  Snorg (D:10)
  A hydra (Lair:2)
  Erica (D:10)
  A boulder beetle (D:11)
  2 two-headed ogres (D:11)
  Urug (D:10)
  3 cyclopes
  A black mamba (Lair:2)
  3 cane toads (Lair:1)
  An unseen horror (D:11)
  Maggie (D:6)
  3 trolls
  A hornet (D:9)
  3 blink frogs (Lair:1)
  A polar bear (Lair:2)
  A vampire (D:9)
  Sigmund (D:4)
  2 shadows
  24 yaks
  2 wyverns
  A steam dragon (D:9)
  2 basilisks (Lair:1)
  Eustachio (D:5)
  2 chaos spawn (D:10)
  A vampire mosquito (D:9)
  Edmund (D:4)
  8 water moccasins
  3 orc warriors
  A sky beast (D:6)
  2 ogres
  10 centaurs
  4 bullfrogs
  5 kobold brigands
  3 gnoll sergeants
  3 scorpions
  4 wights
  6 killer bees
  3 howler monkeys
  A hound (D:5)
  11 orc priests
  A jelly (D:5)
  A gnoll bouda (D:5)
  An iron imp (D:6)
  Terence (D:3)
  An iguana (D:5)
  8 orc wizards
  2 sleepcaps (D:6)
  A centaur simulacrum (D:9)
  13 gnolls
  11 adders
  3 shadow imps
  A white imp (D:5)
  2 ufetubi (D:5)
  3 worms
  41 orcs
  7 endoplasms
  A giant cockroach (D:1)
  9 hobgoblins
  6 quokkas
  9 ball pythons
  4 bats
  4 frilled lizards (D:1)
  5 goblins
  28 kobolds
  5 rats
  A spectral orc (D:7)
295 creatures vanquished.

Vanquished Creatures (others)
  An orc wizard (D:9)
1 creature vanquished.

Grand Total: 296 creatures vanquished

Notes
Turn   | Place    | Note
-------+----------+-------------------------------------------
     0 | D:1      | qw the Gargoyle Hunter began the quest for the Orb.
     0 | D:1      | Reached XP level 1. HP: 12/12 MP: 1/1
     0 | D:1      | 0 ||| qw: Version: 0.3-a-76-g4403597
     0 | D:1      | 0 ||| qw: Game counter: 616
     0 | D:1      | 0 ||| qw: Melee chars always use a shield: true
     0 | D:1      | 0 ||| qw: God list: Okawaru
     0 | D:1      | 0 ||| qw: Allow faded altars: false
     0 | D:1      | 0 ||| qw: Do Orc after clearing Dungeon:15 true
     0 | D:1      | 0 ||| qw: Do second Lair branch before Depths: true
     0 | D:1      | 0 ||| qw: Lair rune preference: random
     0 | D:1      | 0 ||| qw: Goals: Normal
     0 | D:1      | 0 ||| PLANNING D:1-11
   209 | D:1      | Reached XP level 2. HP: 17/17 MP: 2/2
   860 | D:1      | 860 ||| UPGRADING to ring of protection from cold.
   861 | D:1      | 861 ||| READING 2 scrolls labelled PALIUHU SOSH.
   862 | D:1      | 862 ||| READING scroll labelled HITEIT OLAST.
   863 | D:1      | 863 ||| READING scroll labelled ASUOROWAFI.
   868 | D:1      | 868 ||| READING scroll labelled ZATUZU SIWYAC.
   869 | D:1      | 869 ||| DROPPING scroll of butterflies.
  1005 | D:2      | Reached skill level 5 in Ranged Weapons
  1005 | D:2      | Reached XP level 3. HP: 20/21 MP: 3/3
  1071 | D:2      | Found Cupuil's Distillery.
  1079 | D:2      | 1079 ||| BUYING potion of curing (33 gold).
  1079 | D:2      | Bought a potion of curing for 33 gold pieces
  1079 | D:2      | 1079 ||| SHOPLISTING potion of curing (33 gold, have 7).
  1079 | D:2      | 1079 ||| SHOPLISTING potion of haste (110 gold, have 7).
  1079 | D:2      | 1079 ||| SHOPLISTING potion of might (44 gold, have 7).
  1079 | D:2      | 1079 ||| SHOPLISTING potion of mutation (88 gold, have 7).
  1317 | D:2      | 1317 ||| READING scroll of enchant weapon.
  1317 | D:2      | 1317 ||| ENCHANTING +1 shortbow.
  1572 | D:2      | Reached skill level 3 in Fighting
  1941 | D:2      | 1941 ||| READING scroll labelled SOES BEOFUQIE.
  1941 | D:2      | Identified a scroll of acquirement
  1941 | D:2      | 1941 ||| ACQUIRING +0 pair of gloves of Pride {rElec rF+
                  | Str+4}
  1941 | D:2      | Acquired the +0 pair of gloves of Pride {rElec rF+ Str+4}
  1943 | D:2      | 1943 ||| UPGRADING to +0 pair of gloves of Pride {rElec rF+
                  | Str+4}.
  1948 | D:2      | 1948 ||| READING scroll labelled EQULUL COGHUBB.
  1949 | D:2      | 1949 ||| READING 2 scrolls of identify.
  1949 | D:2      | 1949 ||| IDENTIFYING white potion
  1950 | D:2      | 1950 ||| DROPPING potion of attraction.
  2062 | D:3      | Reached XP level 4. HP: 28/28 MP: 4/4
  2104 | D:3      | 2104 ||| FLEEEEING.
  2347 | D:3      | Noticed Terence
  2360 | D:3      | Killed Terence
  2361 | D:3      | Reached XP level 5. HP: 24/32 MP: 5/5
  2365 | D:3      | Reached skill level 6 in Ranged Weapons
  2609 | D:3      | Reached skill level 1 in Armour
  2844 | D:3      | 2844 ||| UPGRADING to +0 ring mail.
  2854 | D:3      | 2854 ||| DROPPING +0 leather armour.
  2855 | D:3      | 2855 ||| UPGRADING to ring of protection from fire.
  2856 | D:3      | 2856 ||| UPGRADING to +4 ring of protection.
  2858 | D:3      | 2858 ||| UPGRADING to ring of protection from cold.
  2860 | D:3      | 2860 ||| READING scroll labelled TOAMIF ZUGIOFA.
  2861 | D:3      | 2861 ||| DRINKING 2 lumpy purple potions.
  2862 | D:3      | 2862 ||| READING 2 scrolls of identify.
  2862 | D:3      | 2862 ||| IDENTIFYING fizzy emerald potion
  2863 | D:3      | 2863 ||| DROPPING potion of brilliance.
  3095 | D:4      | Reached XP level 6. HP: 38/38 MP: 6/6
  3386 | D:4      | Noticed Edmund
  3408 | D:4      | Killed Edmund
  3409 | D:4      | Reached skill level 7 in Ranged Weapons
  3409 | D:4      | Reached XP level 7. HP: 18/43 MP: 7/7
  3516 | D:4      | Noticed Sigmund
  3548 | D:4      | Killed Sigmund
  3549 | D:4      | Reached skill level 8 in Ranged Weapons
  3966 | D:4      | Found a stormy altar of Qazlal.
  4066 | D:4      | 4066 ||| UPGRADING to +4 ring of slaying {mikee}.
  4068 | D:4      | 4068 ||| UPGRADING to +6 ring of dexterity.
  4070 | D:4      | 4070 ||| DROPPING ring of protection from cold.
  4071 | D:4      | 4071 ||| DROPPING +4 ring of protection.
  4072 | D:4      | 4072 ||| READING 2 scrolls labelled RAHOGG EPSA.
  4073 | D:4      | 4073 ||| READING 2 scrolls labelled VUAROPS YKIOSE.
  4074 | D:4      | 4074 ||| READING scroll labelled BOREOZ XO JAT.
  4075 | D:4      | 4075 ||| DRINKING 2 purple potions.
  4076 | D:4      | 4076 ||| DRINKING 2 smoky black potions.
  4077 | D:4      | 4077 ||| READING 2 scrolls of identify.
  4077 | D:4      | 4077 ||| IDENTIFYING fizzy dark potion
  4078 | D:4      | 4078 ||| DROPPING scroll of fog.
  4079 | D:4      | 4079 ||| DROPPING scroll of revelation.
  4080 | D:4      | 4080 ||| DROPPING potion of degeneration.
  4103 | D:5      | Entered Level 5 of the Dungeon
  4231 | D:5      | 4231 ||| DRINKING 3 potions of curing.
  4231 | D:5      | 4231 ||| (to cure confusion)
  4269 | D:5      | Reached XP level 8. HP: 49/49 MP: 8/8
  4402 | D:5      | 4402 ||| Stepping ~*~*~tactically~*~*~ (retreating).
  4428 | D:5      | Reached skill level 9 in Ranged Weapons
  4624 | D:5      | Noticed Eustachio
  4633 | D:5      | 4633 ||| Stepping ~*~*~tactically~*~*~ (retreating).
  4634 | D:5      | 4634 ||| Stepping ~*~*~tactically~*~*~ (retreating).
  4635 | D:5      | 4635 ||| Stepping ~*~*~tactically~*~*~ (retreating).
  4636 | D:5      | 4636 ||| Stepping ~*~*~tactically~*~*~ (retreating).
  4637 | D:5      | 4637 ||| Stepping ~*~*~tactically~*~*~ (retreating).
  4638 | D:5      | 4638 ||| Stepping ~*~*~tactically~*~*~ (retreating).
  4655 | D:5      | 4655 ||| Stepping ~*~*~tactically~*~*~ (retreating).
  4656 | D:5      | Killed Eustachio
  4657 | D:5      | Reached skill level 6 in Fighting
  5052 | D:5      | 5052 ||| UPGRADING to +2 leather armour of cold resistance.
  5062 | D:5      | 5062 ||| DROPPING +0 ring mail.
  5063 | D:5      | 5063 ||| UPGRADING to +5 ring of evasion.
  5065 | D:5      | 5065 ||| DROPPING ring of positive energy.
  5066 | D:5      | 5066 ||| DROPPING +4 ring of slaying {mikee}.
  5127 | D:6      | Found an opulent altar of Gozag.
  5153 | D:6      | Reached skill level 3 in Dodging
  5190 | D:6      | Noticed Maggie
  5208 | D:6      | Killed Maggie
  5209 | D:6      | Reached skill level 10 in Ranged Weapons
  5209 | D:6      | Reached XP level 9. HP: 34/56 MP: 9/9
  5330 | D:6      | Found a snail-covered altar of Cheibriados.
  5540 | D:6      | Found a sparkling altar of Nemelex Xobeh.
  5777 | D:6      | 5777 ||| UPGRADING to amulet of faith.
  5782 | D:6      | 5782 ||| READING 2 scrolls of identify.
  5782 | D:6      | 5782 ||| IDENTIFYING cyan potion
  5783 | D:6      | 5783 ||| DROPPING potion of ambrosia.
  5801 | D:7      | Found a staircase to the Ecumenical Temple.
  5802 | D:7      | 5802 ||| PLANNING TEMPLE
  5810 | Temple   | Entered the Ecumenical Temple
  5811 | Temple   | 5811 ||| PLANNING D:1-11
  5880 | D:7      | 5880 ||| RETREATING.
  5996 | D:7      | 5996 ||| Stepping ~*~*~tactically~*~*~ (retreating).
  5998 | D:7      | 5998 ||| Stepping ~*~*~tactically~*~*~ (retreating).
  5999 | D:7      | 5999 ||| Stepping ~*~*~tactically~*~*~ (retreating).
  6001 | D:7      | 6001 ||| Stepping ~*~*~tactically~*~*~ (retreating).
  6001 | D:7      | HP: 11/57 [orc/+0 trident (5)]
  6002 | D:7      | 6002 ||| READING 3 scrolls of teleportation.
  6003 | D:7      | 6003 ||| DRINKING 3 potions of heal wounds.
  6004 | D:7      | 6004 ||| Stepping ~*~*~tactically~*~*~ (retreating).
  6005 | D:7      | 6005 ||| Stepping ~*~*~tactically~*~*~ (retreating).
  6006 | D:7      | 6006 ||| Stepping ~*~*~tactically~*~*~ (retreating).
  6006 | D:7      | Noticed an ice statue
  6014 | D:7      | HP: 14/57 [ice statue] (11)]
  6015 | D:7      | 6015 ||| READING 2 scrolls of teleportation.
  6015 | D:7      | HP: 6/57 [ice statue] (8)]
  6016 | D:7      | 6016 ||| DRINKING 2 potions of heal wounds.
  6210 | D:7      | 6210 ||| Stepping ~*~*~tactically~*~*~ (outnumbered).
  6211 | D:7      | 6211 ||| Stepping ~*~*~tactically~*~*~ (outnumbered).
  6213 | D:7      | 6213 ||| Stepping ~*~*~tactically~*~*~ (outnumbered).
  6221 | D:7      | Identified the +5 ring mail of Precision Catastrophes
                  | {Int-4 Dex+4}
  6226 | D:7      | HP: 10/57 [orc warrior/+0 halberd (8)]
  6227 | D:7      | 6227 ||| READING scroll of teleportation.
  6228 | D:7      | 6228 ||| DRINKING 2 potions of heal wounds.
  6236 | D:7      | 6236 ||| FLEEEEING.
  6237 | D:7      | 6237 ||| FLEEEEING.
  6241 | D:7      | 6241 ||| STAIRDANCE
  6305 | D:6      | 6305 ||| READING 2 scrolls of identify.
  6305 | D:6      | 6305 ||| IDENTIFYING smoky dark potion
  6306 | D:6      | 6306 ||| DROPPING potion of magic.
  6335 | D:7      | Found a hazy altar of Hepliaklqana.
  6373 | D:7      | Found a transporter.
  6382 | D:7      | Noticed qw's ghost (novice GrHu)
  6385 | D:7      | Found a transporter.
  6402 | D:7      | 6402 ||| UPGRADING to +5 ring mail of Precision
                  | Catastrophes {Int-4 Dex+4}.
  6443 | D:7      | 6443 ||| DROPPING +2 leather armour of cold resistance.
  6444 | D:7      | 6444 ||| DROPPING +0 swamp dragon scales.
  6521 | D:7      | Found a large runed translucent door.
  6522 | D:7      | Found a large runed translucent door.
  6911 | D:8      | 6911 ||| SWAPPING to +0 orcbow.
  6912 | D:8      | 6912 ||| DROPPING +2 shortbow.
  7152 | D:8      | Reached skill level 11 in Ranged Weapons
  7517 | D:8      | 7517 ||| READING scroll labelled ROYH LOPLAYG.
  7518 | D:8      | 7518 ||| READING scroll labelled DONUAMU ITWOU.
  7552 | D:9      | Reached skill level 3 in Armour
  7560 | D:9      | Noticed a troll
  7570 | D:9      | Killed a troll
  7575 | D:9      | Noticed a hornet
  7576 | D:9      | 7576 ||| FLEEEEING.
  7577 | D:9      | 7577 ||| FLEEEEING.
  7583 | D:9      | 7583 ||| STAIRDANCE
  7637 | D:9      | Reached XP level 10. HP: 51/64 MP: 10/10
  7916 | D:9      | Found Jauguosch's General Store.
  7922 | D:9      | 7922 ||| BUYING 2 scrolls of identify (60 gold).
  7922 | D:9      | Bought 2 scrolls of identify for 60 gold pieces
  7922 | D:9      | 7922 ||| BUYING potion of might (60 gold).
  7922 | D:9      | Bought a potion of might for 60 gold pieces
  7922 | D:9      | 7922 ||| BUYING potion of might (60 gold).
  7922 | D:9      | Bought a potion of might for 60 gold pieces
  7922 | D:9      | 7922 ||| BUYING scroll of identify (30 gold).
  7922 | D:9      | Bought a scroll of identify for 30 gold pieces
  7922 | D:9      | 7922 ||| BUYING scroll of teleportation (45 gold).
  7922 | D:9      | Bought a scroll of teleportation for 45 gold pieces
  8065 | D:9      | Found Birchueme's Jewellery Emporium.
  8068 | D:9      | 8068 ||| SHOPLISTING amulet of Vitality {RegenMP++ Regen++}
                  | (1200 gold, have 162).
  8078 | D:9      | Found Vageck's Distillery.
  8084 | D:9      | Reached skill level 12 in Ranged Weapons
  8091 | D:9      | 8091 ||| DRINKING 2 potions of curing.
  8091 | D:9      | 8091 ||| (to cure confusion)
  8092 | D:9      | 8092 ||| FLEEEEING.
  8093 | D:9      | 8093 ||| FLEEEEING.
  8094 | D:9      | 8094 ||| FLEEEEING.
  8095 | D:9      | 8095 ||| FLEEEEING.
  8096 | D:9      | 8096 ||| FLEEEEING.
  8172 | D:9      | 8172 ||| Stepping ~*~*~tactically~*~*~ (outnumbered).
  8174 | D:9      | 8174 ||| Stepping ~*~*~tactically~*~*~ (retreating).
  8177 | D:9      | 8177 ||| Stepping ~*~*~tactically~*~*~ (outnumbered).
  8203 | D:9      | Found a staircase to the Lair.
  8210 | D:9      | 8210 ||| BUYING potion of enlightenment (70 gold).
  8210 | D:9      | Bought a potion of enlightenment for 70 gold pieces
  8210 | D:9      | 8210 ||| BUYING potion of heal wounds (70 gold).
  8210 | D:9      | Bought a potion of heal wounds for 70 gold pieces
  8210 | D:9      | 8210 ||| SHOPLISTING potion of heal wounds (70 gold, have
                  | 22).
  8210 | D:9      | 8210 ||| SHOPLISTING potion of mutation (112 gold, have
                  | 22).
  8210 | D:9      | 8210 ||| SHOPLISTING potion of resistance (140 gold, have
                  | 22).
  8213 | D:9      | 8213 ||| Stepping ~*~*~tactically~*~*~ (outnumbered).
  8263 | D:9      | Found Luaps's Antique Weapon Emporium.
  8267 | D:9      | Found Kiawopraoth's Antique Armour Shoppe.
  8271 | D:9      | 8271 ||| SHOPLISTING runed orcbow (175 gold, have 34).
  8276 | D:9      | 8276 ||| SHOPLISTING pair of runed boots (172 gold, have
                  | 34).
  8493 | D:9      | 8493 ||| Stepping ~*~*~tactically~*~*~ (retreating).
  8790 | D:9      | Noticed a cyclops
  8795 | D:9      | Killed a cyclops
  8802 | D:9      | 8802 ||| DROPPING ring of flight.
  8867 | D:10     | Entered Level 10 of the Dungeon
  8908 | D:10     | 8908 ||| Stepping ~*~*~tactically~*~*~ (retreating).
  8909 | D:10     | 8909 ||| Stepping ~*~*~tactically~*~*~ (retreating).
  8914 | D:10     | Reached skill level 13 in Ranged Weapons
  8938 | D:10     | Reached skill level 9 in Fighting
  8938 | D:10     | Reached XP level 11. HP: 54/71 MP: 11/11
  9095 | D:10     | Noticed Urug
  9096 | D:10     | 9096 ||| FLEEEEING.
  9113 | D:10     | HP: 4/71 [Urug/+2 battleaxe of electrocution (17)]
  9114 | D:10     | 9114 ||| READING scroll of teleportation.
  9115 | D:10     | 9115 ||| DRINKING 2 potions of heal wounds.
  9436 | D:10     | Noticed Erica
  9439 | D:10     | 9439 ||| DRINKING potion of curing.
  9439 | D:10     | 9439 ||| (to cure confusion)
  9476 | D:10     | Killed Erica
  9538 | D:10     | HP: 4/71 [Urug/+2 battleaxe of electrocution (19)]
  9539 | D:10     | 9539 ||| DRINKING potion of heal wounds.
  9543 | D:10     | Killed Urug
  9544 | D:10     | Reached skill level 14 in Ranged Weapons
  9783 | D:10     | Found a shimmering altar of Xom.
  9783 | D:10     | Found the +7 mace of Variability {chaos, chaos arc}
  9854 | D:10     | Found a white marble altar of Elyvilon.
 10319 | D:10     | Noticed Snorg
 10327 | D:10     | Killed Snorg
 10328 | D:10     | Reached skill level 6 in Dodging
 10352 | D:10     | 10352 ||| UPGRADING to +0 cloak.
 10357 | D:10     | 10357 ||| READING scroll labelled VIGROI VOLERU.
 10358 | D:10     | 10358 ||| READING scroll labelled FIRADO YMELYAR.
 10367 | D:11     | 10367 ||| STAIRDANCE
 10551 | D:11     | Noticed a two-headed ogre
 10555 | D:11     | Killed a two-headed ogre
 10662 | D:11     | 10662 ||| Stepping ~*~*~tactically~*~*~ (outnumbered).
 10664 | D:11     | 10664 ||| Stepping ~*~*~tactically~*~*~ (outnumbered).
 10707 | D:11     | 10707 ||| SWAPPING to +3 orcbow.
 10708 | D:11     | 10708 ||| DROPPING +0 orcbow of flaming.
 10765 | D:11     | Noticed a cyclops
 10769 | D:11     | Noticed a cyclops
 10770 | D:11     | 10770 ||| RETREATING.
 10774 | D:11     | Killed a cyclops
 10788 | D:11     | Killed a cyclops
 10813 | D:11     | Noticed a two-headed ogre
 10821 | D:11     | Killed a two-headed ogre
 10874 | D:11     | Noticed a boulder beetle
 10888 | D:11     | Killed a boulder beetle
 10889 | D:11     | Reached skill level 15 in Ranged Weapons
 10889 | D:11     | Reached XP level 12. HP: 77/77 MP: 12/12
 10931 | D:11     | 10931 ||| PLANNING LAIR
 11007 | Lair:1   | Entered Level 1 of the Lair of Beasts
 11007 | Lair:1   | Found a frozen archway.
 11008 | Lair:1   | 11008 ||| Stepping ~*~*~tactically~*~*~ (retreating).
 11009 | Lair:1   | 11009 ||| Stepping ~*~*~tactically~*~*~ (retreating).
 11100 | Lair:1   | 11100 ||| FLEEEEING.
 11101 | Lair:1   | 11101 ||| FLEEEEING.
 11102 | Lair:1   | 11102 ||| STAIRDANCE
 11249 | Lair:1   | 11249 ||| STAIRDANCE
 11680 | Lair:1   | 11680 ||| RETREATING.
 11683 | Lair:1   | 11683 ||| Stepping ~*~*~tactically~*~*~ (retreating).
 11686 | Lair:1   | Reached skill level 16 in Ranged Weapons
 12339 | Lair:2   | Noticed a six-headed hydra
 12345 | Lair:2   | Killed a six-headed hydra
 12633 | Lair:2   | Noticed a death yak
 12635 | Lair:2   | Noticed a death yak
 12636 | Lair:2   | 12636 ||| RETREATING.
 12652 | Lair:2   | Noticed a death yak
 12653 | Lair:2   | Noticed a death yak
 12654 | Lair:2   | 12654 ||| Stepping ~*~*~tactically~*~*~ (retreating).
 12656 | Lair:2   | 12656 ||| Stepping ~*~*~tactically~*~*~ (retreating).
 12657 | Lair:2   | 12657 ||| Stepping ~*~*~tactically~*~*~ (retreating).
 12658 | Lair:2   | 12658 ||| Stepping ~*~*~tactically~*~*~ (retreating).
 12659 | Lair:2   | 12659 ||| Stepping ~*~*~tactically~*~*~ (retreating).
 12660 | Lair:2   | 12660 ||| Stepping ~*~*~tactically~*~*~ (retreating).
 12661 | Lair:2   | 12661 ||| Stepping ~*~*~tactically~*~*~ (retreating).
 12662 | Lair:2   | 12662 ||| Stepping ~*~*~tactically~*~*~ (retreating).
 12663 | Lair:2   | 12663 ||| Stepping ~*~*~tactically~*~*~ (retreating).
 12671 | Lair:2   | HP: 14/77 [death yak (6)]
 12674 | Lair:2   | Slain by a death yak

Levels and vault maps discovered:
D:1:      shiori_arrival_maze, layout_basic, serial_forest,
          infiniplex_forest_straight_5, infiniplex_forest_end_3,
          infiniplex_forest_end_2, infiniplex_forest_end_1,
          infiniplex_forest_clump_double, infiniplex_forest_lined_2,
          infiniplex_forest_lined_room_3, infiniplex_forest_lined_2,
          infiniplex_forest_end_3
D:2:      layout_basic, serial_shops, shop, lightli_corner_chamber
D:3:      minmay_bubble_buster, layout_basic, uniq_terence,
          uniq_crazy_yiuf_cottage
D:4:      layout_loops_corners, lemuel_round_altar, hangedman_decor_push,
          uniq_sigmund, uniq_edmund
D:5:      layout_basic, uniq_eustachio
D:6:      layout_cave_pools, overflow_temple_1_default, slow_altar_1,
          mainiacjoe_overflow_24_doors, uniq_maggie
D:7:      lemuel_ice_statue, layout_rooms,
          nicolae_hepliaklqana_monster_ancestors, jmf_multi_god_temple2,
          minmay_temple_entry_statues, gammafunk_ghost_arena
D:8:      layout_basic
D:9:      nzn_winding_woodlands_cross [nzn_winding_woodlands_5x15_jagged,
          nzn_winding_woodlands_5x15_longhouse,
          nzn_winding_woodlands_5x15_default, nzn_winding_woodlands_5x15_parted,
          nzn_winding_woodlands_15x15_boxy_spiral], layout_gridville,
          lair_entry_dummy, serial_shops, nicolae_shop_statue_plus, shop,
          nicolae_shop_rolling_square, nicolae_diamond_shop,
          kennysheep_mini_moat, nicolae_twisty_statue_hallways
D:10:     layout_stronghold, mainiacjoe_overflow_alcove_1,
          minmay_guarded_unrand_variability, uniq_snorg, uniq_erica, uniq_urug
D:11:     layout_roguey
Temple:   nicolae_temple_two_arcs
Lair:1:   layout_loops_ring, portal_ice_cave_entry_pillars_1, grunt_megastairs_5
Lair:2:   layout_cave_pods, nicolae_shoals_entry_roost,
          nicolae_snake_entry_warm_welcome, infiniplex_staircase_pool

Skill      XL: |  1  2  3  4  5  6  7  8  9 10 11 12 |
---------------+-------------------------------------+-----
Ranged Weapons | 5 6 7 8 10 11 13 15 16 | 16.0
Fighting       | 3 4 5 6 8 9 10 | 10.2
Armour         | 1 2 3 4 5 |  5.1
Dodging        | 2 3 4 5 6 7 |  7.2
Stealth        | |  1.1

Action                     |  1- 3 |  4- 6 |  7- 9 | 10-12 || total
---------------------------+-------+-------+-------+-------++-------
   Fire: Shortbow          |   101 |   161 |   394 |       ||   656
         Orcbow            |       |       |    49 |   644 ||   693
    Use: Scroll            |     8 |     2 |    11 |     3 ||    24
         Potion            |       |     1 |     6 |     4 ||    11
 Armour: Leather armour    |    21 |    38 |    31 |       ||    90
         Ring mail         |       |    21 |   100 |   162 ||   283
         Skin              |       |       |     1 |       ||     1
  Dodge: Dodged            |    33 |    37 |   151 |   285 ||   506

Table legend:
 A = Non-vault XP
 B = Vault XP
 C = Vault XP percentage of total XP
 D = Non-vault monster count
 E = Vault monster count
 F = Vault count percentage of total count
                 A         B        C        D         E       F
            +---------+---------+-------+---------+---------+-------
      Total |   18873 |    7972 |  29.7 |     248 |      48 |  16.2
            +---------+---------+-------+---------+---------+-------
        D:1 |      18 |       3 |  14.3 |      13 |       2 |  13.3
        D:2 |      54 |       0 |   0.0 |      18 |       0 |   0.0
        D:3 |     143 |      70 |  32.9 |      27 |      11 |  28.9
        D:4 |     328 |     381 |  53.7 |      25 |       2 |   7.4
        D:5 |     798 |     185 |  18.8 |      34 |       1 |   2.9
        D:6 |     576 |     398 |  40.9 |      11 |       2 |  15.4
        D:7 |     682 |       4 |   0.6 |      13 |       2 |  13.3
        D:8 |     380 |       0 |   0.0 |      17 |       0 |   0.0
        D:9 |    1351 |    2967 |  68.7 |      32 |      19 |  37.3
       D:10 |    2430 |    2941 |  54.8 |      14 |       5 |  26.3
       D:11 |    4792 |       0 |   0.0 |      13 |       0 |   0.0
     Lair:1 |    5469 |    1023 |  15.8 |      26 |       4 |  13.3
     Lair:2 |    1852 |       0 |   0.0 |       5 |       0 |   0.0
            +---------+---------+-------+---------+---------+-------
